 Dungeon Crawl Stone Soup version 0.31-a0-1074-g0b22e4e0f1 (webtiles) character file.

Game seed: 17920811690986352531

216 monsoonserge the Charlatan (level 5, 0/49 HPs)
             Began as an Octopode Artificer on Dec 6, 2023.
             Slain by a wight
             ... wielding a +0 flail
              (10 damage)
             ... on level 6 of the Dungeon.
             The game lasted 00:03:59 (2213 turns).

monsoonserge the Charlatan (Octopode Artificer)     Turns: 2213, Time: 00:03:59

Health: 0/49       AC:  1    Str: 13    XL:     5   Next: 93%
Magic:  5/5        EV: 13    Int: 14    God:
Gold:   167        SH:  0    Dex: 12    Spells: 4/4 levels left

rFire   . . .        i - +1 flail
rCold   . . .        (no shield)
rNeg    . . .        (helmet currently unavailable)
rPois   .            (no amulet)
rElec   .            t - ring of wizardry
rCorr   .            (no ring)
SInv    .            (no ring)
Will    .....        (no ring) Stlth
                     (no ring)
HPRegen 0.28/turn    (no ring)
MPRegen 0.09/turn    (no ring)
                     (no ring)

%: wizardry (x1)
@: berserking, beast-form, very quick
A: beast (slay +0), almost no armour, amphibious, 8 rings, camouflage 1,
gelatinous body 1, (nimble swimmer 1), tentacles
a: Begin Untransformation


You were on level 6 of the Dungeon.
You were a hulking beast.
You visited 1 branch of the dungeon, and saw 4 of its levels.

You collected 167 gold pieces.

Inventory:

Hand Weapons
 a - a +0 club
 g - a +0 short sword
 i - a +1 flail (weapon)
Missiles
 l - 4 javelins
 m - 5 poisoned darts (quivered)
Magical Staves
 n - a staff of cold
Jewellery
 t - a ring of wizardry (left tentacle)
Talismans
 q - a beast talisman (active)
Wands
 b - a wand of flame (15)
 c - a wand of charming (15)
 d - a wand of iceblast (5)
Scrolls
 h - a scroll of silence {unknown}
 j - a scroll of fog
 k - a scroll of poison {unknown}
 o - a scroll of identify {unknown}
 p - a scroll of enchant weapon
 r - a scroll of noise {unknown}
 s - a scroll of revelation {unknown}
Potions
 e - a potion of berserk rage
 f - a potion of heal wounds {unknown}
 u - a potion of curing {unknown}


   Skills:
 - Level 1.0 Fighting
 - Level 1.0 Maces & Flails
 - Level 3.0 Dodging
 - Level 2.0 Stealth
 * Level 4.0 Unarmed Combat
 - Level 4.0 Evocations
 + Level 1.3 Shapeshifting


You had 4 spell levels left.
You didn't know any spells.
Your spell library contained the following spells:

 Spells                   Type           Power      Damage    Failure   Level
 Freeze                   Ice            0%         1d3       12%         1
 Frozen Ramparts          Ice            0%         1d1       32%         3
 Hailstorm                Conj/Ice       0%         3d3       32%         3
 Summon Ice Beast         Ice/Summ       0%         N/A       71%         4
 Simulacrum               Ice/Necr       0%         N/A       100%        6


Dungeon Overview and Level Annotations

Branches:
Dungeon (6/15)
 Temple: D:4-7

Altars:

Shops:
D:1 :?


Innate Abilities, Weirdness & Mutations

You are a hulking beast.
Your limbs bulge with bestial killing power. (Slay +0)
You cannot wear most types of armour.
You are amphibious.
You can wear up to eight rings at the same time.
Your skin changes colour to match your surroundings (Stealth+).
Your rubbery body absorbs attacks. (AC +1, EV +1)
((You are camouflaged when in or above water. (Stealth+)))
You have tentacles for arms and can constrict up to eight enemies at once.


Message History

The wight hits you with a +0 short sword.
You hit the wight. Your grab misses the wight. Your squeeze misses the wight.
The wight is lightly damaged.
The wight hits you with a +0 short sword.
You feel drained.
Okay, then.
You hit the wight. You grab the wight.
You squeeze the wight, but do no damage.
The wight is moderately damaged.
You constrict the wight, but do no damage.
The wight hits you with a +0 short sword.
A wight comes into view. It is wielding a +0 flail.
The wight hits you with a +0 short sword.
* * * LOW HITPOINT WARNING * * *
It was a potion of berserk rage.
A red film seems to cover your vision as you go berserk!
You feel yourself moving faster!
You feel mighty!
You constrict the wight. The wight barely misses you.
You thump the wight!
You destroy the wight!
Your life force feels restored.
Your Unarmed Combat skill increases to level 3!
Your Shapeshifting skill increases to level 1!
You have reached level 5!
You feel clever.
You hit the wight. You grab the wight.
The wight is moderately damaged.
You constrict the wight. The wight hits you with a +4 falchion.
* * * LOW HITPOINT WARNING * * *
You hit the wight. You tentacle-slap the wight.
The wight is almost destroyed.
You constrict the wight, but do no damage.
The wight closely misses you.
You barely miss the wight. You squeeze the wight.
You destroy the wight!
Your Unarmed Combat skill increases to level 4!
You closely miss the wight. Your grab misses the wight.
You barely miss the wight. Your grab misses the wight.
The wight hits you with a +0 flail!
You die...

### #.# #.# #.####
#.hz)#
#######.##.......
#.......# #######
#.####### #.# #.#
#.###########
#§##.........
#.####§##§#.>.....


You could see a wight.

Vanquished Creatures
  3 wights (D:6)
  2 adders (D:2)
  A dart slug (D:1)
  3 bats
  4 endoplasms
  2 giant cockroaches
  6 goblins
  6 hobgoblins
  3 kobolds (D:2)
  A quokka (D:1)
  2 ball pythons
  2 frilled lizards (D:3)
  4 rats
39 creatures vanquished.

Notes
Turn   | Place    | Note
-------+----------+-------------------------------------------
     0 | D:1      | monsoonserge the Octopode Artificer began the quest for the
                  | Orb.
     0 | D:1      | Reached XP level 1. HP: 13/13 MP: 1/1
   107 | D:1      | Found Largh's Vocational Training.
   156 | D:1      | Reached XP level 2. HP: 10/18 MP: 2/2
   285 | D:1      | Found Zarud's Magic Scroll Shop.
   708 | D:2      | Reached XP level 3. HP: 23/23 MP: 3/3
   781 | D:2      | Reached skill level 1 in Unarmed Combat
   974 | D:2      | Reached skill level 1 in Maces & Flails
  1593 | D:3      | Reached XP level 4. HP: 24/28 MP: 4/4
  2177 | D:3      | You fall into a shaft and drop 3 floors!
  2209 | D:6      | Reached skill level 1 in Shapeshifting
  2209 | D:6      | Reached XP level 5. HP: 13/33 MP: 5/5
  2213 | D:6      | Slain by a wight

Illustrated notes

Levels and vault maps discovered:
D:1:      dpeg_arrival_circle_labyrinth_c, layout_rooms, serial_shops, shop,
          nicolae_shop_vocational
D:2:      layout_rooms
D:3:      layout_basic
D:6:      layout_loops_ring, kennysheep_generic_room_11

Skill      XL: |  1  2  3  4  5 |
---------------+----------------+-----
Evocations     | 4 |  4.0
Unarmed Combat | 1 3 4 |  4.0
Maces & Flails | 1 |  1.0
Dodging        | 3 |  3.0
Stealth        | 2 |  2.0
Shapeshifting  | 1 |  1.3
Fighting       | |  1.0

Action                     |  1- 3 |  4- 6 || total
---------------------------+-------+-------++-------
  Melee: Club              |     8 |       ||     8
         Short sword       |    11 |       ||    11
         Constrict         |    23 |     3 ||    26
         Tentacles         |     5 |     3 ||     8
         Flail             |    57 |    13 ||    70
         Punch             |     1 |     2 ||     3
    Use: Scroll            |       |     2 ||     2
         Potion            |       |     1 ||     1
   Stab: Sleeping          |     3 |     1 ||     4
 Armour: Skin              |    39 |     7 ||    46
  Dodge: Dodged            |    55 |     4 ||    59
   Form: Beast             |     1 |       ||     1

Table legend: (Time is in decaauts)
 A = Elapsed time spent in this place.
 B = Non-inter-level travel time spent in this place.
 C = Inter-level travel time spent in this place.
 D = Time resting spent in this place.
 E = Time spent auto-exploring this place.
 F = Levels seen in this place.
 G = Mean time per level.
                   A        B        C        D        E       F      G
               +--------+--------+--------+--------+--------+-----+--------+
         Total |   2237 |   2144 |     93 |      0 |   1633 |   4 |  559.2 |
       Dungeon |   2237 |   2144 |     93 |      0 |   1633 |   4 |  559.2 |
               +--------+--------+--------+--------+--------+-----+--------+

Top non-repeatable levels by time:
     D:3: 924 daAuts
     D:1: 650 daAuts
     D:2: 624 daAuts
     D:6: 37 daAuts
